 Dungeon Sprint DCSS version 0.21.1-1-g345015f (webtiles) character file.

2500000 Fang the Axe Maniac (level 19, -42/207 HPs)
             Began as a Minotaur Gladiator on May 3, 2018.
             Was a High Priest of Makhleb.
             Annihilated by a destroyer
             ... wielding a +9 great sword of slicing
              (101 damage)
             ... in the Dungeon (Sprint VIII: "Arena of Blood").
             The game lasted 00:00:51 (25 turns).

Fang the Axe Maniac (Minotaur Gladiator)              Turns: 25, Time: 00:00:52

Health: -42/207    AC:  6    Str: 26    XL:     19   Next: 22%
Magic:  17/35      EV: 29    Int:  5    God:    Makhleb [*****.]
Gold:   0          SH:  0    Dex: 13    Spells: 44/44 levels left

rFire    . . .     SeeInvis .   l - +∞ Axe of Woe
rCold    . . .     Gourm    .   (shield currently unavailable)
rNeg     . . .     Faith    .   b - +0 leather armour
rPois    .         Spirit   .   c - +0 hat
rElec    .         Reflect  .   (no cloak)
rCorr    .         Harm     .   (no gloves)
MR       +....     NoTele   +   (no boots)
Stlth    ++++++....             (no amulet)
HPRegen  0.44/turn              (no ring)
MPRegen  0.24/turn              (no ring)

@: no status effects
A: retaliatory headbutt, horns 2
a: Minor Destruction, Lesser Servant of Makhleb, Major Destruction, Greater
Servant of Makhleb, Renounce Religion


You were in the Dungeon.
You worshipped Makhleb.
Makhleb was extremely pleased with you.
You were not hungry.

You visited 1 branch

Inventory:

Hand Weapons
 a - a +0 war axe
 l - the +∞ Axe of Woe (weapon)
   (You found it in the Dungeon)
Missiles
 d - 3 throwing nets (quivered)
Armour
 b - a +0 leather armour (worn)
 c - a +0 hat (worn)
Scrolls
 k - a scroll of blinking
Potions
 e - a potion of curing
 g - a potion of heal wounds
 h - a potion of haste
 i - 2 potions of magic
 j - a potion of berserk rage
Comestibles
 f - a ration


   Skills:
 O Level 27 Fighting
 O Level 27 Axes
 O Level 27 Throwing
 O Level 27 Armour
 O Level 27 Dodging
 + Level 16.8 Stealth
 + Level 19.4 Unarmed Combat
 + Level 13.4 Spellcasting
 + Level 18.1 Invocations


You had 44 spell levels left.
You didn't know any spells.

Dungeon Overview and Level Annotations

Branches:
Dungeon (1/1)

Altars:
Makhleb


Innate Abilities, Weirdness & Mutations

You reflexively headbutt those who attack you in melee.
You have a pair of horns on your head.


Message History

The destroyer hits you with a +9 great sword of slicing!!!!
Ouch! That really hurt!
The destroyer bites you but does no damage.
You hear a shout! x3
The meat berserker rages.
You hear a shout!
An ogre and a vampire knight come into view.
The destroyer is wielding a +9 great sword of slicing.
Items here: ))) === ††† You are too injured to fight recklessly!
Unknown command.
You are too injured to fight recklessly!
Unknown command.
You are too injured to fight recklessly!
Unknown command.
You hear a shout!
The meat berserker hits you with a +9 battleaxe!!
* * * LOW HITPOINT WARNING * * *
The destroyer hits you with a +9 great sword of slicing!!!!
You die...

#... .# o#... #...
..# .....###...
..###.
..O.......###......
..#........_...V..
#.......#...).#
........#_.<)_#
#.....OV#.)...#..
#....@)o._......
.......oO)###......
.....###)).....###.
.... #.......# ...
#.......# ..
.......... .
....o.o....
...........
...........#


You could see a destroyer, 3 meat berserkers and 5 bags of meat.

Vanquished Creatures
  6 ogres (D)
  9 orcs (D)
15 creatures vanquished.

Notes
Turn   | Place    | Note
-------+----------+-------------------------------------------
     0 | D        | Found the +∞ Axe of Woe
     0 | D        | Fang the Minotaur Gladiator began the quest for the Orb.
     0 | D        | Reached XP level 1. HP: 18/18 MP: 0/0
     4 | D        | Became a worshipper of Makhleb the Destroyer
     5 | D        | Noticed a bag of meat
     5 | D        | Noticed a bag of meat
     6 | D        | Noticed a bag of meat
     7 | D        | Noticed a bag of meat
     8 | D        | Noticed a meat berserker
     9 | D        | Killed a bag of meat
     9 | D        | Reached skill level 10 in Throwing
     9 | D        | Reached XP level 2. HP: 41/41 MP: 1/1
     9 | D        | Reached XP level 3. HP: 48/48 MP: 2/2
     9 | D        | Reached XP level 4. HP: 56/56 MP: 3/3
     9 | D        | Reached XP level 5. HP: 62/62 MP: 4/4
     9 | D        | Reached XP level 6. HP: 70/70 MP: 5/5
     9 | D        | Reached XP level 7. HP: 77/77 MP: 6/6
     9 | D        | Reached XP level 8. HP: 83/83 MP: 7/7
     9 | D        | Reached XP level 9. HP: 90/90 MP: 8/8
     9 | D        | Reached XP level 10. HP: 97/97 MP: 9/9
     9 | D        | Reached XP level 11. HP: 104/104 MP: 10/10
    10 | D        | Noticed a bag of meat
    10 | D        | Noticed a meat berserker
    10 | D        | Killed a bag of meat
    10 | D        | Reached * piety under Makhleb
    10 | D        | Reached XP level 12. HP: 76/116 MP: 11/11
    10 | D        | Killed a bag of meat
    10 | D        | Reached skill level 15 in Fighting
    10 | D        | Reached XP level 13. HP: 126/126 MP: 12/12
    10 | D        | Killed a meat berserker
    10 | D        | Reached skill level 27 in Axes
    10 | D        | Reached XP level 14. HP: 140/140 MP: 13/13
    11 | D        | Noticed a bag of meat
    13 | D        | Killed a bag of meat
    13 | D        | Reached ** piety under Makhleb
    13 | D        | Reached skill level 5 in Armour
    13 | D        | Reached skill level 27 in Dodging
    13 | D        | Reached XP level 15. HP: 155/155 MP: 14/14
    13 | D        | Killed a meat berserker
    15 | D        | Noticed a meat berserker
    16 | D        | Noticed a meat berserker
    16 | D        | Noticed a meat berserker
    16 | D        | Reached XP level 16. HP: 180/180 MP: 15/15
    18 | D        | Reached *** piety under Makhleb
    18 | D        | Reached skill level 27 in Fighting
    19 | D        | Noticed a meat berserker
    20 | D        | Killed a meat berserker
    20 | D        | Reached skill level 27 in Throwing
    20 | D        | Reached XP level 17. HP: 191/191 MP: 16/16
    20 | D        | Killed a meat berserker
    20 | D        | Reached **** piety under Makhleb
    20 | D        | Reached skill level 27 in Armour
    21 | D        | Noticed a meat berserker
    21 | D        | Noticed a meat berserker
    21 | D        | Killed a meat berserker
    21 | D        | Reached XP level 18. HP: 200/200 MP: 16/30
    21 | D        | Killed a meat berserker
    21 | D        | Reached skill level 15 in Invocations
    22 | D        | Noticed a destroyer
    23 | D        | Reached skill level 15 in Stealth
    23 | D        | Reached XP level 19. HP: 207/207 MP: 16/34
    23 | D        | Reached ***** piety under Makhleb
    25 | D        | Noticed a meat berserker
    25 | D        | Noticed a destroyer
    25 | D        | Annihilated by a destroyer

Skill      XL: |  1  2  3  4  5  6  7  8  9 10 11 12 13 14 15 16 17 18 19 |
---------------+----------------------------------------------------------+-----
Fighting       | 12 13 15 17 19 26 27 | 27.0
Axes           | 20 23 25 27 | 27.0
Throwing       | 10 11 12 14 16 21 27 | 27.0
Dodging        | 19 21 23 26 27 | 27.0
Armour         | 5 9 17 27 | 27.0
Stealth        | 11 15 16 | 16.8
Unarmed Combat | 13 18 19 | 19.4
Spellcasting   | 9 12 13 | 13.4
Invocations    | 12 16 18 | 18.1

Action                   |  1- 3 |  4- 6 |  7- 9 | 10-12 | 13-15 | 16-18 | 19-21 || total
-------------------------+-------+-------+-------+-------+-------+-------+-------++-------
Melee: Executioner's axe |     1 |       |       |     1 |     2 |     4 |       ||     8
Armor: Leather armour    |       |       |       |       |       |       |     1 ||     1
Dodge: Dodged            |       |       |       |       |       |     1 |       ||     1
